Influenza vs Mulligans
Created - November 28, 2020 at 19:25
Goals
|
| Influenza |
1 |
4 |
2 |
7 |
| Mulligans |
1 |
1 |
2 |
4 |
|
Shots
|
| Influenza |
11 |
14 |
13 |
38 |
| Mulligans |
17 |
10 |
7 |
34 |
|
1st period
1. Influenza , JT Compher 6 (Iiro Pakarinen 9, Noah Hanifin 2) at 6:13
2. Mulligans , Maxime Macenauer 5 (Ben Hutton 8, Calvin Pickard) at 17:55
Penalties :
Dalton Thrower (Rep) for Tripping (Minor) at 1:26
2nd period
3. Influenza , Iiro Pakarinen 7 (Pavel Zacha 7) at 0:04
4. Influenza , Colton Sissons 5 (Brock Boeser 2, Lucas Lessio 6) at 0:47
5. Influenza , Pavel Zacha 4 (Iiro Pakarinen 10, Markus Nutivaara 8) at 12:12
6. Mulligans , Sam Bennett 8 (Maxime Macenauer 11) at 13:25
7. Influenza , Iiro Pakarinen 8 (Pavel Zacha 8, Tim Erixon 6) at 17:09 (PP)
Penalties :
Noah Hanifin (VJB) for Delaying the game (Minor) at 2:35, Logan Shaw (Rep) for Hooking (Minor) at 16:31
3rd period
8. Influenza , Bo Horvat 11 (Lucas Lessio 7) at 8:05 (SH)
9. Mulligans , Maxime Macenauer 6 (Valeri Nichushkin 5) at 15:04
10. Mulligans , Sven Baertschi 9 (Logan Shaw 7, Jonny Brodzinski 2) at 17:56
11. Influenza , Brock Boeser 2 (Tim Erixon 7, Colton Sissons 3) at 19:04
Penalties :
Brock Boeser (VJB) for Roughing (Minor) at 6:54, Jonny Brodzinski (Rep) for Hooking (Minor) at 12:29, Bo Horvat (VJB) for Interference (Minor) at 19:11
Goalie Stats
Malcolm Subban (VJB), 30 saves from 34 shots - (0.882), W, 6-7-0, 60:00 minutes
Calvin Pickard (Rep), 14 saves from 18 shots - (0.778), 32:12 minutes
Juuse Saros (Rep), 17 saves from 20 shots - (0.850), L, 0-4-1, 27:48 minutes
Players Stats for Influenza
Player Name G A P +/- PIM S H SB GA TA FO MP PP MP PK MP
------------------------------------------------------------------------------------
Anthony Bitetto 0 0 0 2 0 3 3 2 0 1 0/0 31:15 2:45 3:15
Bo Horvat 1 0 1 -1 2 3 0 0 1 0 7/21 20:37 2:36 0:29
Brock Boeser 1 1 2 1 2 2 0 0 0 0 1/1 11:26 0:00 0:00
Colton Sissons 1 1 2 1 0 3 3 0 2 0 8/13 14:39 0:00 3:25
Dmitry Sinitsyn 0 0 0 -1 0 2 0 0 0 0 0/0 17:39 1:51 1:31
Iiro Pakarinen 2 2 4 3 0 8 0 0 3 0 1/2 17:32 2:00 0:37
Johan Larsson 0 0 0 -1 0 2 1 0 0 0 0/0 7:06 0:00 0:10
JT Compher 1 0 1 3 0 4 2 0 0 0 0/1 16:55 2:00 0:00
Justin Bailey 0 0 0 -2 0 0 0 0 0 1 1/1 19:56 2:36 0:00
Lucas Lessio 0 2 2 2 0 0 0 1 0 0 1/4 12:38 0:00 1:11
Markus Nutivaara 0 1 1 -2 0 0 0 0 0 1 0/0 13:22 0:00 0:00
Max Domi 0 0 0 -2 0 4 2 0 0 0 0/0 19:56 2:36 0:00
Noah Hanifin 0 1 1 1 2 2 1 2 0 0 0/0 13:43 1:51 0:00
Pavel Zacha 1 2 3 3 0 3 3 0 0 0 6/19 17:46 2:00 0:15
Roland McKeown 0 0 0 2 0 1 1 2 0 0 0/0 13:21 0:00 1:31
Shane Prince 0 0 0 -1 0 0 4 0 0 0 0/0 6:20 0:00 0:00
Tim Erixon 0 2 2 2 0 0 2 2 1 1 0/0 31:15 2:45 3:15
Tom Kuhnhackl 0 0 0 -1 0 1 1 0 0 0 0/0 9:45 0:00 3:25
Players Stats for Mulligans
Player Name G A P +/- PIM S H SB GA TA FO MP PP MP PK MP
------------------------------------------------------------------------------------
Anton Lander 0 0 0 0 0 7 0 2 2 0 12/25 23:01 2:54 2:46
Ben Hutton 0 1 1 -2 0 2 4 2 0 2 0/0 26:08 3:24 2:37
Brandon Carlo 0 0 0 -3 0 0 2 5 0 0 0/0 24:00 3:24 2:50
Brett Seney 0 0 0 0 0 0 0 0 0 0 0/0 7:53 0:00 0:00
Christian Wolanin 0 0 0 0 0 0 0 0 0 0 0/0 4:29 1:22 0:41
Conor Garland 0 0 0 0 0 1 0 0 0 0 0/0 7:53 0:00 0:00
Dalton Thrower 0 0 0 0 2 2 0 5 0 0 0/0 18:50 0:00 1:05
Darren Dietz 0 0 0 -1 0 0 1 1 0 1 0/0 20:57 1:22 1:54
Ilya Lyubushkin 0 0 0 1 0 0 1 0 0 0 0/0 12:55 0:00 0:05
Jonny Brodzinski 0 1 1 0 2 2 0 0 0 0 3/5 7:52 0:00 0:00
Joonas Donskoi 0 0 0 -1 0 3 1 1 0 0 0/2 12:49 1:52 0:00
Logan Shaw 0 1 1 0 2 2 1 2 2 2 3/4 22:13 2:49 2:07
Maxime Macenauer 2 1 3 -1 0 6 2 0 0 0 13/17 17:41 1:52 1:10
Reid Boucher 0 0 0 -1 0 0 1 0 0 0 0/0 12:03 0:00 1:18
Robbie Russo 0 0 0 1 0 0 1 1 0 1 0/0 12:45 0:00 0:00
Robby Fabbri 0 0 0 -1 0 1 1 1 0 0 5/8 10:53 0:05 0:00
Sam Bennett 1 0 1 -1 0 4 1 1 0 0 0/0 16:31 1:52 0:00
Sven Baertschi 1 0 1 0 0 3 1 1 0 0 0/0 22:01 2:54 1:51
Valeri Nichushkin 0 1 1 -1 0 1 1 0 0 1 1/1 14:27 0:00 0:00
3 Stars
1 - Iiro Pakarinen (VJB)
2 - Pavel Zacha (VJB)
3 - Colton Sissons (VJB)
Power Play
Influenza - 1 on 3 Attempt(s) - 33.33%
Mulligans - 0 on 3 Attempt(s) - 0.00%
Penalty Kill
Influenza - 3 on 3 Attempt(s) - 100.00%
- Score 1 goal in Penalty Kill
Mulligans - 2 on 3 Attempt(s) - 66.67%
- Score 0 goal in Penalty Kill
Team Stat
Influenza - Hits : 23 - Faceoff Wins : 25 - Blocked Shots : 9 - Penalty Minutes : 6
Mulligans - Hits : 18 - Faceoff Wins : 37 - Blocked Shots : 22 - Penalty Minutes : 6
Official
Referees : Unknown
Linesman : Unknown
Game Notes
Juuse Saros enters game at 12:12 of 2nd period
15:04 of 3rd period - Mulligans goal is going for a video replay. After video review, Goal.
Finance
Level 1 -- Attendance: 2000 (100.00%) -- Ticket Income $38,000
Level 2 -- Attendance: 1000 (100.00%) -- Ticket Income $9,000
Total Attendance: 3000 (100.00%)
Total Ticket Income: $47,000
Other Income: $2,350
Total Income: $49,350
Influenza
5 vs 5 Forward
Center Left Wing Right Wing Time % Phy DF OF
1 Bo Horvat Max Domi Justin Bailey 40 1 2 2
2 Pavel Zacha JT Compher Iiro Pakarinen 30 1 2 2
3 Colton Sissons Lucas Lessio Brock Boeser 20 1 2 2
4 Shane Prince Johan Larsson Tom Kuhnhackl 10 1 2 2
5 vs 5 Defense
Defense Defense Time % Phy DF OF
1 Tim Erixon Anthony Bitetto 40 1 2 2
2 Dmitry Sinitsyn Markus Nutivaara 30 1 2 2
3 Noah Hanifin Roland McKeown 20 1 2 2
4 Anthony Bitetto Tim Erixon 10 1 2 2
PowerPlay Forward
Center Left Wing Right Wing Time % Phy DF OF
1 Bo Horvat Max Domi Justin Bailey 60 1 2 2
2 Pavel Zacha JT Compher Iiro Pakarinen 40 1 2 2
PowerPlay Defense
Defense Defense Time % Phy DF OF
1 Tim Erixon Anthony Bitetto 60 1 2 2
2 Dmitry Sinitsyn Noah Hanifin 40 1 2 2
Penalty Kill 4 Players Forward
Center Wing Time % Phy DF OF
1 Colton Sissons Tom Kuhnhackl 60 1 2 2
2 Bo Horvat Lucas Lessio 40 1 2 2
Penalty Kill 4 Players Defense
Defense Defense Time % Phy DF OF
1 Tim Erixon Anthony Bitetto 60 1 2 2
2 Roland McKeown Dmitry Sinitsyn 40 1 2 2
Penalty Kill - 3 Players Forward
Forward Time % Phy DF OF
1 Colton Sissons 60 1 2 2
2 Bo Horvat 40 1 2 2
Penalty Kill - 3 Players Defense
Defense Defense Time % Phy DF OF
1 Tim Erixon Anthony Bitetto 60 1 2 2
2 Roland McKeown Dmitry Sinitsyn 40 1 2 2
4 vs 4 Forward
Center Wing Time % Phy DF OF
1 Bo Horvat Max Domi 60 1 2 2
2 Colton Sissons Iiro Pakarinen 40 1 2 2
4 vs 4 Defense
Defense Defense Time % Phy DF OF
1 Tim Erixon Anthony Bitetto 60 1 2 2
2 Markus Nutivaara Dmitry Sinitsyn 40 1 2 2
Last Minutes Offensive
Center Left Wing Right Wing Defense Defense
Bo Horvat Max Domi Iiro Pakarinen Tim Erixon Anthony Bitetto
Last Minutes Defensive
Center Left Wing Right Wing Defense Defense
Bo Horvat Max Domi Iiro Pakarinen Tim Erixon Anthony Bitetto
Goaltenders
Starting : Malcolm Subban
Backup : Charlie Lindgren
Extra Forwards
Normal : Pavel Zacha, Iiro Pakarinen, Justin Bailey - PP : Iiro Pakarinen, Colton Sissons - PK : Iiro Pakarinen
Extra Defensemen
Normal : Markus Nutivaara, Noah Hanifin, Roland McKeown - PP : Markus Nutivaara - PK : Noah Hanifin, Roland McKeown
Penalty Shots
Bo Horvat, Colton Sissons, JT Compher, Tom Kuhnhackl, Max Domi
Scratches
Ryan Dzingel (Healthy), Jeff Corbett (Healthy), Aleksi Saarela (Healthy), Henri Ikonen (Healthy), Jakob Forsbacka-Karlsson (Healthy)
Blake Lizotte (Healthy), Radovan Bondra (Healthy), Simon Bourque (Healthy), Mitchell Moroz (Healthy), Jesse Graham (Healthy)
Jake Walman (Healthy), Conner Bleackley (Healthy), Brycen Martin (Healthy), Jaden Lindo (Healthy), Jamie Phillips (Healthy)
Mulligans
5 vs 5 Forward
Center Left Wing Right Wing Time % Phy DF OF
1 Anton Lander Sven Baertschi Logan Shaw 40 0 2 3
2 Maxime Macenauer Sam Bennett Valeri Nichushkin 30 0 2 3
3 Robby Fabbri Reid Boucher Joonas Donskoi 20 0 2 3
4 Jonny Brodzinski Brett Seney Conor Garland 10 1 2 2
5 vs 5 Defense
Defense Defense Time % Phy DF OF
1 Ben Hutton Brandon Carlo 40 1 3 1
2 Darren Dietz Dalton Thrower 30 1 3 1
3 Ilya Lyubushkin Robbie Russo 20 1 3 1
4 Christian Wolanin Ben Hutton 10 1 2 2
PowerPlay Forward
Center Left Wing Right Wing Time % Phy DF OF
1 Anton Lander Sven Baertschi Logan Shaw 60 0 1 4
2 Maxime Macenauer Sam Bennett Joonas Donskoi 40 0 1 4
PowerPlay Defense
Defense Defense Time % Phy DF OF
1 Ben Hutton Brandon Carlo 60 0 2 3
2 Darren Dietz Christian Wolanin 40 0 2 3
Penalty Kill 4 Players Forward
Center Wing Time % Phy DF OF
1 Anton Lander Logan Shaw 60 1 2 2
2 Maxime Macenauer Sven Baertschi 40 1 2 2
Penalty Kill 4 Players Defense
Defense Defense Time % Phy DF OF
1 Ben Hutton Brandon Carlo 60 1 2 2
2 Darren Dietz Dalton Thrower 40 1 2 2
Penalty Kill - 3 Players Forward
Forward Time % Phy DF OF
1 Anton Lander 60 1 2 2
2 Logan Shaw 40 1 2 2
Penalty Kill - 3 Players Defense
Defense Defense Time % Phy DF OF
1 Ben Hutton Brandon Carlo 60 1 2 2
2 Darren Dietz Dalton Thrower 40 1 2 2
4 vs 4 Forward
Center Wing Time % Phy DF OF
1 Anton Lander Logan Shaw 60 1 2 2
2 Maxime Macenauer Sven Baertschi 40 1 2 2
4 vs 4 Defense
Defense Defense Time % Phy DF OF
1 Ben Hutton Brandon Carlo 60 1 2 2
2 Darren Dietz Dalton Thrower 40 1 2 2
Last Minutes Offensive
Center Left Wing Right Wing Defense Defense
Anton Lander Sven Baertschi Logan Shaw Ben Hutton Brandon Carlo
Last Minutes Defensive
Center Left Wing Right Wing Defense Defense
Anton Lander Sven Baertschi Logan Shaw Ben Hutton Brandon Carlo
Goaltenders
Starting : Calvin Pickard
Backup : Juuse Saros
Extra Forwards
Normal : Robby Fabbri, Valeri Nichushkin, Reid Boucher - PP : Robby Fabbri, Valeri Nichushkin - PK : Reid Boucher
Extra Defensemen
Normal : Ilya Lyubushkin, Brandon Carlo, Christian Wolanin - PP : Ilya Lyubushkin - PK : Ben Hutton, Christian Wolanin
Penalty Shots
Anton Lander, Logan Shaw, Maxime Macenauer, Sven Baertschi, Joonas Donskoi
Scratches
Cristiano Digiacinto (Healthy)
% Time on Ice - Influenza
Lines # - Real PCT - Wanted PCT - Time Play
Normal Forward
1 - 35% - 40% - 17:56
2 - 30% - 30% - 15:08
3 - 22% - 20% - 11:14
4 - 13% - 10% - 6:20
Normal Defense
1 - 36% - 40% - 18:17
2 - 28% - 30% - 14:17
3 - 22% - 20% - 11:06
4 - 14% - 10% - 6:58
PP Forward
1 - 57% - 60% - 2:36
2 - 43% - 40% - 2:00
PP Defense
1 - 60% - 60% - 2:45
2 - 40% - 40% - 1:51
PK Forward
1 - 88% - 60% - 4:12
2 - 12% - 40% - 0:34
PK Defense
1 - 68% - 60% - 3:15
2 - 32% - 40% - 1:31
PK3 Forward
1 - 0% - 60%
2 - 0% - 40%
PK3 Defense
1 - 0% - 60%
2 - 0% - 40%
44 Forward
1 - 0% - 60%
2 - 0% - 40%
44 Defense
1 - 0% - 60%
2 - 0% - 40%
Last Minute Offensive - 0:00
Last Minute Defensive - 0:00
Total
Forward - 60:00
Defense - 60:00
|
% Time on Ice - Mulligans
Lines # - Real PCT - Wanted PCT - Time Play
Normal Forward
1 - 34% - 40% - 17:21
2 - 29% - 30% - 14:39
3 - 21% - 20% - 10:45
4 - 16% - 10% - 7:53
Normal Defense
1 - 35% - 40% - 17:46
2 - 35% - 30% - 17:46
3 - 25% - 20% - 12:45
4 - 5% - 10% - 2:21
PP Forward
1 - 61% - 60% - 2:54
2 - 39% - 40% - 1:52
PP Defense
1 - 71% - 60% - 3:24
2 - 29% - 40% - 1:22
PK Forward
1 - 80% - 60% - 3:40
2 - 20% - 40% - 0:56
PK Defense
1 - 57% - 60% - 2:37
2 - 43% - 40% - 1:59
PK3 Forward
1 - 0% - 60%
2 - 0% - 40%
PK3 Defense
1 - 0% - 60%
2 - 0% - 40%
44 Forward
1 - 0% - 60%
2 - 0% - 40%
44 Defense
1 - 0% - 60%
2 - 0% - 40%
Last Minute Offensive - 0:00
Last Minute Defensive - 0:00
Total
Forward - 60:00
Defense - 60:00
|
Play-by-Play
1st period
0:01 of 1st period - Anton Lander wins face-off versus Bo Horvat in neutral zone.
0:59 of 1st period - Dalton Thrower is hit by Tom Kuhnhackl and loses puck.
1:26 of 1st period - Minor Penalty to Dalton Thrower for Tripping.
1:27 of 1st period - Bo Horvat wins face-off versus Anton Lander in Mulligans zone.
1:40 of 1st period - Snap shot by Bo Horvat.
1:40 of 1st period - Stopped by Calvin Pickard without a rebound.
1:41 of 1st period - Logan Shaw wins face-off versus Bo Horvat in Mulligans zone.
3:13 of 1st period - Anthony Bitetto is hit by Brandon Carlo and loses puck.
3:26 of 1st period - Penalty to Dalton Thrower is over, Dalton Thrower is back on ice.
3:36 of 1st period - Wrist shot by Jonny Brodzinski.
3:36 of 1st period - Stopped by Malcolm Subban without a rebound.
3:37 of 1st period - Colton Sissons wins face-off versus Jonny Brodzinski in Influenza zone.
4:24 of 1st period - Snap shot by Iiro Pakarinen.
4:24 of 1st period - Shot Blocked by Brandon Carlo.
4:26 of 1st period - Snap shot by Anthony Bitetto.
4:26 of 1st period - Stopped by Calvin Pickard with a rebound.
4:30 of 1st period - Wrist shot by JT Compher.
4:30 of 1st period - Stopped by Calvin Pickard with a rebound.
4:32 of 1st period - Slapshot by Pavel Zacha.
4:32 of 1st period - Shot Blocked by Brandon Carlo.
5:30 of 1st period - Joonas Donskoi is hit by Shane Prince and loses puck.
5:35 of 1st period - Slapshot by Johan Larsson.
5:35 of 1st period - Shot Misses the Net.
5:37 of 1st period - Snap shot by Johan Larsson.
5:37 of 1st period - Stopped by Calvin Pickard with a rebound.
5:51 of 1st period - Wrist shot by Logan Shaw.
5:51 of 1st period - Shot Misses the Net.
6:13 of 1st period - Snap shot by JT Compher.
6:13 of 1st period - Goal by JT Compher - Influenza : 1 - Mulligans : 0.
6:14 of 1st period - Anton Lander wins face-off versus Bo Horvat in neutral zone.
6:17 of 1st period - Slapshot by Sven Baertschi.
6:17 of 1st period - Shot Misses the Net.
6:19 of 1st period - Wrist shot by Anton Lander.
6:19 of 1st period - Stopped by Malcolm Subban without a rebound.
6:20 of 1st period - Bo Horvat wins face-off versus Logan Shaw in Influenza zone.
6:35 of 1st period - Snap shot by Anton Lander.
6:35 of 1st period - Stopped by Malcolm Subban with a rebound.
6:57 of 1st period - Ben Hutton is hit by JT Compher.
7:13 of 1st period - Snap shot by Sam Bennett.
7:13 of 1st period - Shot Blocked by Anthony Bitetto.
7:35 of 1st period - Snap shot by Bo Horvat.
7:35 of 1st period - Shot Blocked by Logan Shaw.
7:51 of 1st period - Slapshot by Brett Seney.
7:51 of 1st period - Shot Misses the Net.
7:53 of 1st period - Snap shot by Conor Garland.
7:53 of 1st period - Stopped by Malcolm Subban without a rebound.
7:54 of 1st period - Anton Lander wins face-off versus Bo Horvat in Influenza zone.
8:07 of 1st period - Slapshot by Sven Baertschi.
8:07 of 1st period - Shot Misses the Net.
8:09 of 1st period - Wrist shot by Anton Lander.
8:09 of 1st period - Stopped by Malcolm Subban without a rebound.
8:10 of 1st period - Robby Fabbri wins face-off versus Pavel Zacha in Influenza zone.
8:19 of 1st period - Snap shot by Joonas Donskoi.
8:19 of 1st period - Stopped by Malcolm Subban without a rebound.
8:20 of 1st period - Pavel Zacha wins face-off versus Joonas Donskoi in Influenza zone.
8:43 of 1st period - Wrist shot by Iiro Pakarinen.
8:43 of 1st period - Deflect By Pavel Zacha.
8:43 of 1st period - Shot Blocked by Brandon Carlo.
8:43 of 1st period - Puck is out of play.
8:44 of 1st period - Anton Lander wins face-off versus Bo Horvat in Mulligans zone.
8:53 of 1st period - Snap shot by Logan Shaw.
8:53 of 1st period - Stopped by Malcolm Subban without a rebound.
8:54 of 1st period - Anton Lander wins face-off versus Bo Horvat in Influenza zone.
9:27 of 1st period - Snap shot by Bo Horvat.
9:27 of 1st period - Shot Misses the Net.
9:47 of 1st period - Wrist shot by Anton Lander.
9:47 of 1st period - Shot Misses the Net.
10:34 of 1st period - Slapshot by Sven Baertschi.
10:34 of 1st period - Stopped by Malcolm Subban with a rebound.
11:10 of 1st period - Snap shot by Bo Horvat.
11:10 of 1st period - Shot Blocked by Dalton Thrower.
11:16 of 1st period - Snap shot by Max Domi.
11:16 of 1st period - Stopped by Calvin Pickard with a rebound.
11:22 of 1st period - Snap shot by Max Domi.
11:22 of 1st period - Stopped by Calvin Pickard with a rebound.
12:24 of 1st period - Wrist shot by Max Domi.
12:24 of 1st period - Shot Blocked by Dalton Thrower.
12:32 of 1st period - Snap shot by Anton Lander.
12:32 of 1st period - Stopped by Malcolm Subban with a rebound.
12:58 of 1st period - Snap shot by Anton Lander.
12:58 of 1st period - Stopped by Malcolm Subban with a rebound.
13:00 of 1st period - Snap shot by Anton Lander.
13:00 of 1st period - Shot Blocked by Tim Erixon.
13:02 of 1st period - Slapshot by Dalton Thrower.
13:02 of 1st period - Deflect By Tim Erixon.
13:02 of 1st period - Stopped by Malcolm Subban with a rebound.
13:16 of 1st period - Snap shot by Max Domi.
13:16 of 1st period - Stopped by Calvin Pickard with a rebound.
15:35 of 1st period - Wrist shot by Anton Lander.
15:35 of 1st period - Stopped by Malcolm Subban with a rebound.
15:37 of 1st period - Slapshot by Dalton Thrower.
15:37 of 1st period - Stopped by Malcolm Subban with a rebound.
15:39 of 1st period - Wrist shot by Logan Shaw.
15:39 of 1st period - Shot Misses the Net.
15:41 of 1st period - Snap shot by Sven Baertschi.
15:41 of 1st period - Stopped by Malcolm Subban without a rebound.
15:42 of 1st period - Pavel Zacha wins face-off versus Maxime Macenauer in Influenza zone.
15:51 of 1st period - Slapshot by JT Compher.
15:51 of 1st period - Stopped by Calvin Pickard with a rebound.
15:53 of 1st period - Snap shot by Iiro Pakarinen.
15:53 of 1st period - Stopped by Calvin Pickard with a rebound.
15:55 of 1st period - Wrist shot by Iiro Pakarinen.
15:55 of 1st period - Stopped by Calvin Pickard with a rebound.
16:15 of 1st period - Wrist shot by Robby Fabbri.
16:15 of 1st period - Stopped by Malcolm Subban with a rebound.
16:37 of 1st period - Wrist shot by Jonny Brodzinski.
16:37 of 1st period - Stopped by Malcolm Subban without a rebound.
16:38 of 1st period - Iiro Pakarinen wins face-off versus Maxime Macenauer in Influenza zone.
17:07 of 1st period - Noah Hanifin is hit by Ilya Lyubushkin and loses puck.
17:55 of 1st period - Snap shot by Maxime Macenauer.
17:55 of 1st period - Goal by Maxime Macenauer - Influenza : 1 - Mulligans : 1.
17:56 of 1st period - Maxime Macenauer wins face-off versus Pavel Zacha in neutral zone.
17:59 of 1st period - Slapshot by Maxime Macenauer.
17:59 of 1st period - Deflect By Valeri Nichushkin.
17:59 of 1st period - Shot Misses the Net.
17:59 of 1st period - Puck is out of play.
18:00 of 1st period - Maxime Macenauer wins face-off versus Pavel Zacha in Influenza zone.
18:53 of 1st period - Off-side.
18:54 of 1st period - Maxime Macenauer wins face-off versus Pavel Zacha in neutral zone.
19:09 of 1st period - Snap shot by Maxime Macenauer.
19:09 of 1st period - Shot Blocked by Noah Hanifin.
19:19 of 1st period - Brandon Carlo is hit by Johan Larsson and loses puck.
19:40 of 1st period - Jonny Brodzinski is hit by Colton Sissons and loses puck.
19:58 of 1st period - Snap shot by Valeri Nichushkin.
19:58 of 1st period - Shot Blocked by Noah Hanifin.
Goals for this period are 1 for Influenza vs 1 for Mulligans.
Shots for this period are 11 for Influenza vs 17 for Mulligans.
2nd period
0:01 of 2nd period - Pavel Zacha wins face-off versus Maxime Macenauer in neutral zone.
0:04 of 2nd period - Slapshot by Iiro Pakarinen.
0:04 of 2nd period - Goal by Iiro Pakarinen - Influenza : 2 - Mulligans : 1.
0:05 of 2nd period - Maxime Macenauer wins face-off versus JT Compher in neutral zone.
0:09 of 2nd period - Off-side.
0:10 of 2nd period - Maxime Macenauer wins face-off versus Pavel Zacha in neutral zone.
0:13 of 2nd period - Wrist shot by Maxime Macenauer.
0:13 of 2nd period - Stopped by Malcolm Subban with a rebound.
0:15 of 2nd period - Slapshot by Ben Hutton.
0:15 of 2nd period - Deflect By Maxime Macenauer.
0:15 of 2nd period - Shot Misses the Net.
0:15 of 2nd period - Puck is out of play.
0:16 of 2nd period - Maxime Macenauer wins face-off versus Pavel Zacha in Influenza zone.
0:31 of 2nd period - Slapshot by Maxime Macenauer.
0:31 of 2nd period - Stopped by Malcolm Subban without a rebound.
0:32 of 2nd period - Lucas Lessio wins face-off versus Robby Fabbri in Influenza zone.
0:32 of 2nd period - Lucas Lessio is hit by Joonas Donskoi.
0:37 of 2nd period - Off-side.
0:38 of 2nd period - Colton Sissons wins face-off versus Robby Fabbri in neutral zone.
0:47 of 2nd period - Wrist shot by Colton Sissons.
0:47 of 2nd period - Goal by Colton Sissons - Influenza : 3 - Mulligans : 1.
0:48 of 2nd period - Maxime Macenauer wins face-off versus Pavel Zacha in neutral zone.
0:58 of 2nd period - Icing by Iiro Pakarinen.
0:59 of 2nd period - Maxime Macenauer wins face-off versus Pavel Zacha in Influenza zone.
1:22 of 2nd period - Snap shot by Iiro Pakarinen.
1:22 of 2nd period - Stopped by Calvin Pickard with a rebound.
1:24 of 2nd period - Slapshot by Anthony Bitetto.
1:24 of 2nd period - Shot Misses the Net.
1:32 of 2nd period - Snap shot by Iiro Pakarinen.
1:32 of 2nd period - Deflect By Pavel Zacha.
1:32 of 2nd period - Shot Blocked by Sam Bennett.
1:32 of 2nd period - Puck is out of play.
1:33 of 2nd period - Robby Fabbri wins face-off versus Lucas Lessio in Mulligans zone.
1:58 of 2nd period - Robbie Russo is hit by Shane Prince and loses puck.
2:35 of 2nd period - Minor Penalty to Noah Hanifin for Delaying the game.
2:36 of 2nd period - Anton Lander wins face-off versus Colton Sissons in Influenza zone.
4:35 of 2nd period - Penalty to Noah Hanifin is over, Noah Hanifin is back on ice.
4:52 of 2nd period - Snap shot by Jonny Brodzinski.
4:52 of 2nd period - Shot Blocked by Roland McKeown.
5:04 of 2nd period - Slapshot by Joonas Donskoi.
5:04 of 2nd period - Shot Misses the Net.
5:18 of 2nd period - Slapshot by Dmitry Sinitsyn.
5:18 of 2nd period - Deflect By Robbie Russo.
5:18 of 2nd period - Stopped by Calvin Pickard without a rebound.
5:19 of 2nd period - Jonny Brodzinski wins face-off versus Bo Horvat in Mulligans zone.
5:19 of 2nd period - Jonny Brodzinski is hit by Max Domi.
5:35 of 2nd period - Conor Garland is hit by Tim Erixon.
5:43 of 2nd period - Wrist shot by Max Domi.
5:43 of 2nd period - Stopped by Calvin Pickard without a rebound.
5:44 of 2nd period - Colton Sissons wins face-off versus Joonas Donskoi in Mulligans zone.
6:18 of 2nd period - Christian Wolanin is hit by Anthony Bitetto and loses puck.
6:41 of 2nd period - Reid Boucher is hit by Shane Prince and loses puck.
7:18 of 2nd period - Wrist shot by Colton Sissons.
7:18 of 2nd period - Shot Misses the Net.
7:33 of 2nd period - Off-side.
7:34 of 2nd period - Jonny Brodzinski wins face-off versus Pavel Zacha in neutral zone.
7:36 of 2nd period - Darren Dietz is hit by Anthony Bitetto and loses puck.
7:47 of 2nd period - Slapshot by Darren Dietz.
7:47 of 2nd period - Shot Blocked by Anthony Bitetto.
9:21 of 2nd period - Sven Baertschi is hit by Colton Sissons and loses puck.
9:57 of 2nd period - Icing by Bo Horvat.
9:58 of 2nd period - Bo Horvat wins face-off versus Jonny Brodzinski in Influenza zone.
10:33 of 2nd period - Logan Shaw is hit by Tim Erixon and loses puck.
10:45 of 2nd period - Icing by Iiro Pakarinen.
10:46 of 2nd period - Maxime Macenauer wins face-off versus Lucas Lessio in Influenza zone.
10:47 of 2nd period - Wrist shot by Sam Bennett.
10:47 of 2nd period - Stopped by Malcolm Subban with a rebound.
11:19 of 2nd period - Wrist shot by Sven Baertschi.
11:19 of 2nd period - Shot Misses the Net.
11:35 of 2nd period - Wrist shot by Joonas Donskoi.
11:35 of 2nd period - Shot Misses the Net.
11:41 of 2nd period - Wrist shot by Joonas Donskoi.
11:41 of 2nd period - Stopped by Malcolm Subban with a rebound.
11:51 of 2nd period - Iiro Pakarinen is hit by Ben Hutton and loses puck.
12:10 of 2nd period - Snap shot by Iiro Pakarinen.
12:10 of 2nd period - Stopped by Calvin Pickard with a rebound.
12:12 of 2nd period - Wrist shot by Pavel Zacha.
12:12 of 2nd period - Goal by Pavel Zacha - Influenza : 4 - Mulligans : 1.
12:12 of 2nd period - Juuse Saros enters game.
12:13 of 2nd period - Maxime Macenauer wins face-off versus Bo Horvat in neutral zone.
12:18 of 2nd period - Wrist shot by Sam Bennett.
12:18 of 2nd period - Stopped by Malcolm Subban without a rebound.
12:19 of 2nd period - Maxime Macenauer wins face-off versus Bo Horvat in Influenza zone.
12:24 of 2nd period - Wrist shot by Maxime Macenauer.
12:24 of 2nd period - Shot Misses the Net.
12:46 of 2nd period - Wrist shot by Valeri Nichushkin.
12:46 of 2nd period - Shot Misses the Net.
12:52 of 2nd period - Sam Bennett is hit by Max Domi and loses puck.
13:05 of 2nd period - Snap shot by Maxime Macenauer.
13:05 of 2nd period - Stopped by Malcolm Subban with a rebound.
13:19 of 2nd period - Slapshot by Sam Bennett.
13:19 of 2nd period - Shot Misses the Net.
13:25 of 2nd period - Slapshot by Sam Bennett.
13:25 of 2nd period - Goal by Sam Bennett - Influenza : 4 - Mulligans : 2.
13:26 of 2nd period - Anton Lander wins face-off versus Pavel Zacha in neutral zone.
13:52 of 2nd period - Lucas Lessio is hit by Brandon Carlo and loses puck.
13:59 of 2nd period - Backhand shot by Noah Hanifin.
13:59 of 2nd period - Shot Blocked by Brandon Carlo.
14:01 of 2nd period - Snap shot by Brock Boeser.
14:01 of 2nd period - Stopped by Juuse Saros without a rebound.
14:02 of 2nd period - Robby Fabbri wins face-off versus Pavel Zacha in Mulligans zone.
14:35 of 2nd period - Wrist shot by Colton Sissons.
14:35 of 2nd period - Shot Blocked by Logan Shaw.
14:37 of 2nd period - Slapshot by Roland McKeown.
14:37 of 2nd period - Shot Blocked by Darren Dietz.
15:11 of 2nd period - Snap shot by Ben Hutton.
15:11 of 2nd period - Stopped by Malcolm Subban with a rebound.
15:13 of 2nd period - Slapshot by Ben Hutton.
15:13 of 2nd period - Stopped by Malcolm Subban without a rebound.
15:14 of 2nd period - Anton Lander wins face-off versus Pavel Zacha in Influenza zone.
15:38 of 2nd period - Off-side.
15:39 of 2nd period - Maxime Macenauer wins face-off versus Colton Sissons in neutral zone.
15:42 of 2nd period - Colton Sissons is hit by Maxime Macenauer and loses puck.
16:05 of 2nd period - Tim Erixon is hit by Robbie Russo and loses puck.
16:18 of 2nd period - Wrist shot by Joonas Donskoi.
16:18 of 2nd period - Stopped by Malcolm Subban without a rebound.
16:19 of 2nd period - Pavel Zacha wins face-off versus Anton Lander in Influenza zone.
16:31 of 2nd period - Minor Penalty to Logan Shaw for Hooking.
16:32 of 2nd period - Bo Horvat wins face-off versus Anton Lander in Mulligans zone.
16:59 of 2nd period - Brandon Carlo is hit by Pavel Zacha.
17:03 of 2nd period - Wrist shot by Iiro Pakarinen.
17:03 of 2nd period - Shot Misses the Net.
17:05 of 2nd period - Slapshot by Tim Erixon.
17:05 of 2nd period - Shot Misses the Net.
17:07 of 2nd period - Wrist shot by Pavel Zacha.
17:07 of 2nd period - Stopped by Juuse Saros with a rebound.
17:09 of 2nd period - Wrist shot by Iiro Pakarinen.
17:09 of 2nd period - Goal by Iiro Pakarinen - Influenza : 5 - Mulligans : 2.
17:10 of 2nd period - Pavel Zacha wins face-off versus Maxime Macenauer in neutral zone.
17:21 of 2nd period - Wrist shot by Iiro Pakarinen.
17:21 of 2nd period - Stopped by Juuse Saros with a rebound.
17:23 of 2nd period - Backhand shot by Anthony Bitetto.
17:23 of 2nd period - Shot Misses the Net.
17:25 of 2nd period - Slapshot by Anthony Bitetto.
17:25 of 2nd period - Stopped by Juuse Saros with a rebound.
18:07 of 2nd period - Snap shot by Bo Horvat.
18:07 of 2nd period - Stopped by Juuse Saros with a rebound.
18:19 of 2nd period - Slapshot by Dmitry Sinitsyn.
18:19 of 2nd period - Deflect By Darren Dietz.
18:19 of 2nd period - Stopped by Juuse Saros with a rebound.
18:38 of 2nd period - Wrist shot by Dmitry Sinitsyn.
18:38 of 2nd period - Shot Blocked by Dalton Thrower.
18:58 of 2nd period - Dmitry Sinitsyn is hit by Sven Baertschi and loses puck.
19:07 of 2nd period - Backhand shot by Dmitry Sinitsyn.
19:07 of 2nd period - Shot Blocked by Robby Fabbri.
19:26 of 2nd period - Bo Horvat is hit by Sam Bennett and loses puck.
19:39 of 2nd period - Sven Baertschi is hit by Anthony Bitetto and loses puck.
Goals for this period are 4 for Influenza vs 1 for Mulligans.
Shots for this period are 14 for Influenza vs 10 for Mulligans.
3rd period
0:01 of 3rd period - Pavel Zacha wins face-off versus Anton Lander in neutral zone.
0:33 of 3rd period - Snap shot by Iiro Pakarinen.
0:33 of 3rd period - Stopped by Juuse Saros with a rebound.
0:49 of 3rd period - Ben Hutton is hit by Pavel Zacha and loses puck.
1:04 of 3rd period - Snap shot by JT Compher.
1:04 of 3rd period - Deflect By Pavel Zacha.
1:04 of 3rd period - Shot Blocked by Ben Hutton.
1:04 of 3rd period - Puck is out of play.
1:05 of 3rd period - Anton Lander wins face-off versus Bo Horvat in Mulligans zone.
1:41 of 3rd period - Backhand shot by Lucas Lessio.
1:41 of 3rd period - Shot Hit the Post.
1:53 of 3rd period - Johan Larsson is hit by Valeri Nichushkin.
1:57 of 3rd period - Wrist shot by Sam Bennett.
1:57 of 3rd period - Shot Misses the Net.
1:59 of 3rd period - Snap shot by Maxime Macenauer.
1:59 of 3rd period - Shot Misses the Net.
2:01 of 3rd period - Snap shot by Maxime Macenauer.
2:01 of 3rd period - Stopped by Malcolm Subban with a rebound.
2:03 of 3rd period - Slapshot by Ilya Lyubushkin.
2:03 of 3rd period - Deflect By Maxime Macenauer.
2:03 of 3rd period - Shot Misses the Net.
2:03 of 3rd period - Puck is out of play.
2:04 of 3rd period - Bo Horvat wins face-off versus Anton Lander in Influenza zone.
2:04 of 3rd period - Bo Horvat is hit by Logan Shaw.
2:43 of 3rd period - Slapshot by Anthony Bitetto.
2:43 of 3rd period - Shot Blocked by Ben Hutton.
2:53 of 3rd period - Slapshot by Robby Fabbri.
2:53 of 3rd period - Deflect By Brett Seney.
2:53 of 3rd period - Shot Blocked by Roland McKeown.
2:53 of 3rd period - Puck is out of play.
2:54 of 3rd period - Jonny Brodzinski wins face-off versus Pavel Zacha in Influenza zone.
3:24 of 3rd period - Snap shot by Anton Lander.
3:24 of 3rd period - Deflect By Sven Baertschi.
3:24 of 3rd period - Shot Misses the Net.
3:24 of 3rd period - Puck is out of play.
3:25 of 3rd period - Bo Horvat wins face-off versus Anton Lander in Influenza zone.
3:52 of 3rd period - JT Compher is hit by Ben Hutton and loses puck.
4:46 of 3rd period - Slapshot by Joonas Donskoi.
4:46 of 3rd period - Shot Misses the Net.
4:56 of 3rd period - Wrist shot by Logan Shaw.
4:56 of 3rd period - Stopped by Malcolm Subban without a rebound.
4:57 of 3rd period - Bo Horvat wins face-off versus Anton Lander in Influenza zone.
5:21 of 3rd period - Off-side.
5:22 of 3rd period - Valeri Nichushkin wins face-off versus Colton Sissons in neutral zone.
5:25 of 3rd period - Noah Hanifin is hit by Maxime Macenauer and loses puck.
5:48 of 3rd period - Anton Lander is hit by Roland McKeown and loses puck.
6:09 of 3rd period - Joonas Donskoi is hit by Shane Prince and loses puck.
6:16 of 3rd period - Snap shot by Shane Prince.
6:16 of 3rd period - Shot Misses the Net.
6:54 of 3rd period - Minor Penalty to Brock Boeser for Roughing.
6:55 of 3rd period - Colton Sissons wins face-off versus Anton Lander in Influenza zone.
7:01 of 3rd period - Snap shot by Anton Lander.
7:01 of 3rd period - Stopped by Malcolm Subban with a rebound.
7:27 of 3rd period - Icing by Brandon Carlo.
7:28 of 3rd period - Colton Sissons wins face-off versus Anton Lander in Mulligans zone.
8:03 of 3rd period - Snap shot by Bo Horvat.
8:03 of 3rd period - Shot Misses the Net.
8:05 of 3rd period - Snap shot by Bo Horvat.
8:05 of 3rd period - Goal by Bo Horvat - Influenza : 6 - Mulligans : 2.
8:06 of 3rd period - Colton Sissons wins face-off versus Anton Lander in neutral zone.
8:09 of 3rd period - Snap shot by Anthony Bitetto.
8:09 of 3rd period - Deflect By Ben Hutton.
8:09 of 3rd period - Stopped by Juuse Saros without a rebound.
8:10 of 3rd period - Colton Sissons wins face-off versus Anton Lander in Mulligans zone.
8:17 of 3rd period - Snap shot by Colton Sissons.
8:17 of 3rd period - Stopped by Juuse Saros with a rebound.
8:19 of 3rd period - Snap shot by Colton Sissons.
8:19 of 3rd period - Shot Misses the Net.
8:32 of 3rd period - Icing by Anton Lander.
8:33 of 3rd period - Colton Sissons wins face-off versus Anton Lander in Mulligans zone.
8:34 of 3rd period - Snap shot by Tom Kuhnhackl.
8:34 of 3rd period - Shot Misses the Net.
8:36 of 3rd period - Wrist shot by Anthony Bitetto.
8:36 of 3rd period - Shot Blocked by Anton Lander.
8:38 of 3rd period - Wrist shot by Colton Sissons.
8:38 of 3rd period - Stopped by Juuse Saros with a rebound.
8:40 of 3rd period - Wrist shot by Colton Sissons.
8:40 of 3rd period - Shot Blocked by Sven Baertschi.
8:54 of 3rd period - Penalty to Brock Boeser is over, Brock Boeser is back on ice.
8:58 of 3rd period - Snap shot by Sam Bennett.
8:58 of 3rd period - Stopped by Malcolm Subban with a rebound.
9:32 of 3rd period - Max Domi is hit by Robby Fabbri and loses puck.
9:59 of 3rd period - Shane Prince is hit by Darren Dietz and loses puck.
10:14 of 3rd period - Icing by Anton Lander.
10:15 of 3rd period - Maxime Macenauer wins face-off versus Iiro Pakarinen in Mulligans zone.
10:31 of 3rd period - Wrist shot by Iiro Pakarinen.
10:31 of 3rd period - Deflect By Pavel Zacha.
10:31 of 3rd period - Stopped by Juuse Saros with a rebound.
10:48 of 3rd period - Slapshot by Maxime Macenauer.
10:48 of 3rd period - Shot Misses the Net.
11:07 of 3rd period - Sam Bennett is hit by Noah Hanifin.
11:21 of 3rd period - Snap shot by Maxime Macenauer.
11:21 of 3rd period - Deflect By Valeri Nichushkin.
11:21 of 3rd period - Stopped by Malcolm Subban without a rebound.
11:22 of 3rd period - Justin Bailey wins face-off versus Anton Lander in Influenza zone.
12:11 of 3rd period - Slapshot by Johan Larsson.
12:11 of 3rd period - Stopped by Juuse Saros with a rebound.
12:29 of 3rd period - Minor Penalty to Jonny Brodzinski for Hooking.
12:30 of 3rd period - Anton Lander wins face-off versus Bo Horvat in Mulligans zone.
12:49 of 3rd period - Noah Hanifin is hit by Ben Hutton and loses puck.
13:10 of 3rd period - Maxime Macenauer is hit by JT Compher.
14:29 of 3rd period - Penalty to Jonny Brodzinski is over, Jonny Brodzinski is back on ice.
15:00 of 3rd period - Snap shot by Valeri Nichushkin.
15:00 of 3rd period - Shot Blocked by Tim Erixon.
15:02 of 3rd period - Wrist shot by Maxime Macenauer.
15:02 of 3rd period - Shot Misses the Net.
15:04 of 3rd period - Snap shot by Maxime Macenauer.
15:04 of 3rd period - Mulligans goal is going for a video replay.
15:04 of 3rd period - The goal is good.
15:04 of 3rd period - Goal by Maxime Macenauer - Influenza : 6 - Mulligans : 3.
15:05 of 3rd period - Logan Shaw wins face-off versus Bo Horvat in neutral zone.
15:31 of 3rd period - Brandon Carlo is hit by Pavel Zacha.
15:53 of 3rd period - Icing by Noah Hanifin.
15:54 of 3rd period - Robby Fabbri wins face-off versus Colton Sissons in Influenza zone.
16:09 of 3rd period - Robby Fabbri is hit by Colton Sissons.
16:25 of 3rd period - Noah Hanifin is hit by Reid Boucher and loses puck.
16:36 of 3rd period - Wrist shot by Lucas Lessio.
16:36 of 3rd period - Shot Misses the Net.
16:38 of 3rd period - Snap shot by Colton Sissons.
16:38 of 3rd period - Shot Blocked by Robbie Russo.
16:40 of 3rd period - Slapshot by Roland McKeown.
16:40 of 3rd period - Shot Blocked by Joonas Donskoi.
16:42 of 3rd period - Wrist shot by Noah Hanifin.
16:42 of 3rd period - Stopped by Juuse Saros with a rebound.
16:44 of 3rd period - Snap shot by Roland McKeown.
16:44 of 3rd period - Stopped by Juuse Saros without a rebound.
16:45 of 3rd period - Anton Lander wins face-off versus Bo Horvat in Mulligans zone.
17:34 of 3rd period - Snap shot by Tom Kuhnhackl.
17:34 of 3rd period - Stopped by Juuse Saros with a rebound.
17:56 of 3rd period - Slapshot by Sven Baertschi.
17:56 of 3rd period - Goal by Sven Baertschi - Influenza : 6 - Mulligans : 4.
17:57 of 3rd period - Robby Fabbri wins face-off versus Lucas Lessio in neutral zone.
18:04 of 3rd period - Snap shot by Robby Fabbri.
18:04 of 3rd period - Shot Blocked by Lucas Lessio.
18:22 of 3rd period - Tim Erixon is hit by Ben Hutton and loses puck.
18:46 of 3rd period - Backhand shot by Iiro Pakarinen.
18:46 of 3rd period - Shot Misses the Net.
18:48 of 3rd period - Slapshot by Noah Hanifin.
18:48 of 3rd period - Stopped by Juuse Saros with a rebound.
18:50 of 3rd period - Wrist shot by Iiro Pakarinen.
18:50 of 3rd period - Shot Blocked by Brandon Carlo.
18:52 of 3rd period - Snap shot by JT Compher.
18:52 of 3rd period - Stopped by Juuse Saros with a rebound.
18:54 of 3rd period - Snap shot by Noah Hanifin.
18:54 of 3rd period - Shot Misses the Net.
18:56 of 3rd period - Slapshot by Roland McKeown.
18:56 of 3rd period - Deflect By Pavel Zacha.
18:56 of 3rd period - Shot Blocked by Anton Lander.
18:56 of 3rd period - Puck is out of play.
18:57 of 3rd period - Brock Boeser wins face-off versus Robby Fabbri in Mulligans zone.
18:58 of 3rd period - Snap shot by Colton Sissons.
18:58 of 3rd period - Shot Blocked by Dalton Thrower.
19:00 of 3rd period - Wrist shot by Colton Sissons.
19:00 of 3rd period - Shot Blocked by Dalton Thrower.
19:02 of 3rd period - Snap shot by Tim Erixon.
19:02 of 3rd period - Shot Misses the Net.
19:04 of 3rd period - Slapshot by Brock Boeser.
19:04 of 3rd period - Goal by Brock Boeser - Influenza : 7 - Mulligans : 4.
19:05 of 3rd period - Logan Shaw wins face-off versus Bo Horvat in neutral zone.
19:11 of 3rd period - Minor Penalty to Bo Horvat for Interference.
19:12 of 3rd period - Anton Lander wins face-off versus Colton Sissons in Influenza zone.
19:19 of 3rd period - Snap shot by Sven Baertschi.
19:19 of 3rd period - Shot Misses the Net.
Goals for this period are 2 for Influenza vs 2 for Mulligans.
Shots for this period are 13 for Influenza vs 7 for Mulligans.